 Dungeon Crawl Stone Soup version 0.30-a0-389-g8d7d949f56 (webtiles) character file.

Game seed: 2779626207402884948

109 arthad the Firebug (level 4, 0/32 HPs)
             Began as a Gnoll Fire Elementalist on Dec 3, 2022.
             Slain by an orc wizard
             ... wielding a +0 dagger
              (3 damage)
             ... on level 3 of the Dungeon.
             The game lasted 00:06:54 (2606 turns).

arthad the Firebug (Gnoll Fire Elementalist)        Turns: 2606, Time: 00:06:54

Health: 0/32       AC:  3    Str:  7    XL:     4   Next: 90%
Magic:  6/11       EV: 13    Int: 16    God:
Gold:   111        SH:  0    Dex: 13    Spells: 4/13 levels left

rFire   . . .      SeeInvis .    e - +1 hand axe (vorpal)
rCold   . . .      Faith    .    (no shield)
rNeg    . . .      Spirit   .    a - +0 robe
rPois   .          Reflect  .    (no helmet)
rElec   .          Harm     .    (no cloak)
rCorr   .          Rampage  .    (no gloves)
Will    .....                    k - +0 pair of boots
Stlth   +++.......               (no amulet)
HPRegen 0.25/turn                (no ring)
MPRegen 0.12/turn                (no ring)

@: attractive
A: fangs 1, strong nose, distributed training
a: no special abilities


You were on level 3 of the Dungeon.
You visited 1 branch of the dungeon, and saw 3 of its levels.

You collected 111 gold pieces.

Inventory:

Hand Weapons
 e - a +1 vorpal hand axe (weapon)
Missiles
 p - 4 poisoned darts
Armour
 a - a +0 robe (worn)
 k - a +0 pair of boots (worn)
Scrolls
 f - 2 scrolls of identify {unknown}
 g - 4 scrolls of magic mapping {unknown}
 l - a scroll of poison {unknown}
 o - a scroll of enchant weapon {unknown}
Potions
 b - 2 potions of magic
 d - 2 potions of curing
 h - a potion of haste {unknown}
 i - a potion of lignification {unknown}
 j - a potion of degeneration {unknown}
 m - a potion of mutation {unknown}
 n - a potion of cancellation {unknown}


   Skills:
 + Level 1.3 Fighting
 + Level 1.3 Short Blades
 + Level 1.3 Long Blades
 + Level 1.3 Axes
 + Level 1.3 Maces & Flails
 + Level 1.3 Polearms
 + Level 1.3 Staves
 + Level 1.3 Ranged Weapons
 + Level 1.3 Throwing
 + Level 1.3 Armour
 + Level 4.7 Dodging
 + Level 4.3 Stealth
 + Level 1.3 Shields
 + Level 1.3 Unarmed Combat
 + Level 5.1 Spellcasting
 + Level 2.3 Conjurations
 + Level 1.1 Hexes
 + Level 1.1 Summonings
 + Level 1.1 Necromancy
 + Level 1.1 Translocations
 + Level 1.1 Transmutations
 + Level 5.5 Fire Magic
 + Level 1.1 Ice Magic
 + Level 1.1 Air Magic
 + Level 1.1 Earth Magic
 + Level 1.1 Poison Magic
 + Level 1.5 Invocations
 + Level 1.3 Evocations


You had 4 spell levels left.
You knew the following spells:

 Your Spells              Type           Power      Damage    Failure   Level
a - Foxfire               Conj/Fire      64%        2x1d7     3%          1
b - Scorch                Fire           42%        2d7       2%          2
c - Inner Flame           Hex/Fire       14%        N/A       12%         3
d - Kindle Blastsparks    Fire/Tloc/Air  24%        2d12      16%         3

Your spell library contained the following spells:

 Spells                   Type           Power      Damage    Failure   Level
 Slow                     Hex            28%        N/A       10%         1
 Confusing Touch          Hex            7%         N/A       28%         3
 Vampiric Draining        Necr           7%         2d6       28%         3
 Flame Wave               Conj/Fire      16%        2d7       30%         4


Dungeon Overview and Level Annotations

Branches:
Dungeon (3/15)

Altars:
Dithmenos

Shops:
D:1 *


Innate Abilities, Weirdness & Mutations

You have very sharp teeth.
Your uncanny sense of smell can sniff out nearby items.
Your experience applies equally to all skills.


Message History

Press: ? - help, Q - select action, (/) - cycle Dir - look around, f - activate You conjure some foxfire!
The orc hits you with a +0 flail. The orc barely misses you.
The orc closely misses your foxfire. The orc barely misses you.
The orc wizard hits you with a +0 dagger.
Casting: Foxfire (safe; 3% risk of failure)
Confirm with . or Enter, or press ? or * to list all spells.
Flames lash the orc.
You kill the orc!
The foxfire hits the orc.
The orc is severely wounded.
The orc barely misses you. The orc closely misses you.
The orc wizard hits you but does no damage.
Casting: Scorch (safe; 2% risk of failure)
Confirm with . or Enter, or press ? or * to list all spells.
You conjure some foxfire!
The orc wizard gestures at you while chanting.
The magic dart hits you.
* * * LOW HITPOINT WARNING * * *
The orc misses you. The orc hits you with a +0 war axe.
* * * LOW HITPOINT WARNING * * *
The orc barely misses your foxfire.
Unknown command.
It was a potion of attraction.
You feel attractive to monsters.
The foxfire hits the orc.
You kill the orc!
The foxfire hits the orc.
The orc is heavily wounded.
The orc hits you with a +0 war axe.
* * * LOW HITPOINT WARNING * * *
The orc wizard hits you but does no damage.
Unknown command.
Unknown command.
Unknown command.
Casting: Foxfire (safe; 3% risk of failure)
Confirm with . or Enter, or press ? or * to list all spells.
You conjure some foxfire!
The orc wizard hits you with a +0 dagger.
You die...

#.##......# #......# #.
#......# #....).# #.
#......########+##
#.######......# #.#
#.....##....#.# #.#
#.....##†#<...# #.#
####..?..##.#.#..## #.#
......v)o##.#.....# #.#
.....$o@v...#####.###.#
.....############..##.#
..... #.........# ....
#.#####.### ...
#.#<......# ...
#.#####.#.## ∆ #.#
#.#..# #.#####.##..
#.......###.


You could see an orc wizard (ally target) and an orc (ally target).

Vanquished Creatures
  3 adders
  3 dart slugs
  3 orcs (D:3)
  9 bats
  8 endoplasms
  4 giant cockroaches
  6 goblins
  6 hobgoblins
  3 jackals (D:1)
  5 quokkas
  4 ball pythons
  2 frilled lizards
  4 kobolds
  7 rats
67 creatures vanquished.

Vanquished Creatures (others)
  137 foxfires
  A withered plant (D:2)
138 creatures vanquished.

Grand Total: 205 creatures vanquished

Notes
Turn   | Place    | Note
-------+----------+-------------------------------------------
     0 | D:1      | arthad the Gnoll Fire Elementalist began the quest for the
                  | Orb.
     0 | D:1      | Reached XP level 1. HP: 13/13 MP: 6/6
    98 | D:1      | Found Bueggot's General Store.
   100 | D:1      | You fall into a shaft and drop 1 floor!
   139 | D:2      | Reached XP level 2. HP: 8/19 MP: 1/7
   704 | D:1      | Reached skill level 5 in Spellcasting
   704 | D:1      | Reached XP level 3. HP: 24/25 MP: 4/9
   707 | D:1      | Learned a level 2 spell: Scorch
   711 | D:1      | Learned a level 3 spell: Inner Flame
   715 | D:1      | Learned a level 3 spell: Kindle Blastsparks
  1141 | D:1      | Reached skill level 1 in Invocations
  1336 | D:2      | Found a faded altar of an unknown god.
  1522 | D:2      | Reached skill level 1 in Fighting
  1522 | D:2      | Reached skill level 1 in Short Blades
  1522 | D:2      | Reached skill level 1 in Long Blades
  1522 | D:2      | Reached skill level 1 in Axes
  1522 | D:2      | Reached skill level 1 in Maces & Flails
  1522 | D:2      | Reached skill level 1 in Polearms
  1522 | D:2      | Reached skill level 1 in Staves
  1522 | D:2      | Reached skill level 1 in Ranged Weapons
  1522 | D:2      | Reached skill level 1 in Throwing
  1522 | D:2      | Reached skill level 1 in Armour
  1522 | D:2      | Reached skill level 1 in Shields
  1522 | D:2      | Reached skill level 1 in Unarmed Combat
  1522 | D:2      | Reached skill level 1 in Evocations
  1930 | D:2      | Reached XP level 4. HP: 32/32 MP: 8/11
  2093 | D:3      | Reached skill level 1 in Hexes
  2093 | D:3      | Reached skill level 1 in Summonings
  2093 | D:3      | Reached skill level 1 in Necromancy
  2093 | D:3      | Reached skill level 1 in Translocations
  2093 | D:3      | Reached skill level 1 in Transmutations
  2093 | D:3      | Reached skill level 1 in Ice Magic
  2093 | D:3      | Reached skill level 1 in Air Magic
  2093 | D:3      | Reached skill level 1 in Earth Magic
  2093 | D:3      | Reached skill level 1 in Poison Magic
  2179 | D:3      | Found a shadowy altar of Dithmenos.
  2606 | D:3      | Slain by an orc wizard

Illustrated notes

Levels and vault maps discovered:
D:1:      sevenhm_arrival_forest_fort_large_4, layout_loops_corners,
          serial_shops, shop
D:2:      layout_rooms, shapermc_ecumenical_altar_gd
D:3:      layout_basic, mainiacjoe_overflow_tiny_flanked,
          hangedman_feature_mirror

Skill      XL: |  1  2  3  4 |
---------------+-------------+-----
Conjurations   | 2 |  2.3
Spellcasting   | 5 |  5.1
Invocations    | 1 |  1.5
Fighting       | 1 |  1.3
Short Blades   | 1 |  1.3
Long Blades    | 1 |  1.3
Axes           | 1 |  1.3
Maces & Flails | 1 |  1.3
Polearms       | 1 |  1.3
Staves         | 1 |  1.3
Ranged Weapons | 1 |  1.3
Throwing       | 1 |  1.3
Armour         | 1 |  1.3
Shields        | 1 |  1.3
Unarmed Combat | 1 |  1.3
Evocations     | 1 |  1.3
Hexes          | 1 |  1.1
Summonings     | 1 |  1.1
Necromancy     | 1 |  1.1
Translocations | 1 |  1.1
Transmutations | 1 |  1.1
Ice Magic      | 1 |  1.1
Air Magic      | 1 |  1.1
Earth Magic    | 1 |  1.1
Poison Magic   | 1 |  1.1
Dodging        | |  4.7
Stealth        | |  4.3
Fire Magic     | |  5.5

Action                   |  1- 3 |  4- 6 || total
-------------------------+-------+-------++-------
Melee: Hand axe          |    33 |    19 ||    52
       Bite              |     4 |     1 ||     5
 Cast: Foxfire           |    52 |    32 ||    84
       Scorch            |     3 |     3 ||     6
       Kindle Blastspark |     1 |       ||     1
  Use: Potion            |       |     2 ||     2
 Stab: Sleeping          |     2 |     2 ||     4
Armor: Robe              |     8 |    11 ||    19
Dodge: Dodged            |    33 |    18 ||    51

Table legend: (Time is in decaauts)
 A = Elapsed time spent in this place.
 B = Non-inter-level travel time spent in this place.
 C = Inter-level travel time spent in this place.
 D = Time resting spent in this place.
 E = Time spent auto-exploring this place.
 F = Levels seen in this place.
 G = Mean time per level.
                   A        B        C        D        E       F      G
               +--------+--------+--------+--------+--------+-----+--------+
         Total |   2617 |   2578 |     39 |    181 |   1974 |   3 |  872.3 |
       Dungeon |   2617 |   2578 |     39 |    181 |   1974 |   3 |  872.3 |
               +--------+--------+--------+--------+--------+-----+--------+

Top non-repeatable levels by time:
     D:1: 1214 daAuts
     D:2: 759 daAuts
     D:3: 644 daAuts
